 Dungeon Crawl Stone Soup version 0.29.0-11-gd7f09526c8 (webtiles) character file.

Game seed: 16223373741110237601

6036 concernfroge the Spear-Bearer (level 10, -9/85 HPs)
             Began as a Mummy Monk on Sept 3, 2022.
             Was a High Priest of Okawaru.
             Mangled by a sixfirhy (11 damage)
             ... on level 1 of the Abyss.
             The game lasted 00:29:32 (11215 turns).

concernfroge the Spear-Bearer (Mummy Monk)         Turns: 11215, Time: 00:29:33

Health: -9/85      AC: 17    Str: 18    XL:     10   Next: 56%
Magic:  11/11      EV:  5    Int: 12    God:    Okawaru [*****.]
Gold:   607        SH:  0    Dex: 16    Spells: 9/9 levels left

rFire   x . .      SeeInvis .   q - +0 halberd (flame)
rCold   + . .      Faith    +   (shield currently unavailable)
rNeg    + + +      Spirit   .   d - +0 crystal plate armour
rPois   ∞          Reflect  .   t - +0 helmet
rElec   .          Harm     .   h - +1 cloak
rCorr   .          Rampage  .   (no gloves)
Will    +....                   (no boots)
Stlth   ..........              o - amulet of faith
HPRegen 0.24/turn               k - ring "Wikug" {rPois EV+4 Int+3}
MPRegen 0.12/turn               (no ring)

@: about to teleport
A: cold resistance 1, negative energy resistance 3, torment resistance 2, heat
vulnerability 1, in touch with death 1, no potions
a: Renounce Religion, Heroism, Finesse, Duel


You were on level 1 of the Abyss.
You worshipped Okawaru.
Okawaru was extremely pleased with you.
You visited 2 branches of the dungeon, and saw 11 of its levels.
You visited the Abyss 1 time.

You collected 607 gold pieces.

Inventory:

Hand Weapons
 q - a +0 halberd of flaming (weapon)
 w - a +3 trident
Missiles
 b - 2 silver javelins
 l - 4 javelins
 n - 6 atropa-tipped darts
 p - 12 poisoned darts (quivered)
Armour
 d - a +0 crystal plate armour (worn)
 h - a +1 cloak (worn)
 t - a +0 helmet (worn)
Jewellery
 f - a ring of fire
 k - the ring "Wikug" (left hand) {rPois EV+4 Int+3}
   (You found it on level 6 of the Dungeon)

   [ring of evasion]

   EV:        It affects your evasion (+4).
   Int:       It affects your intelligence (+3).
   rPois:     It protects you from poison.
 o - an amulet of faith (around neck)
Wands
 i - a wand of flame (11)
 r - a wand of polymorph (17)
Scrolls
 a - 2 scrolls of identify
 e - 3 scrolls of noise
 m - a scroll of enchant armour
 u - a scroll of fog {unknown}
 v - a scroll of magic mapping {unknown}


   Skills:
 - Level 10.0 Fighting
 + Level 11.0 Polearms
 - Level 2.4 Dodging
 - Level 1.5 Stealth
 - Level 2.0 Invocations


You had 9 spell levels left.
You didn't know any spells.
Your spell library contained the following spells:

 Spells                   Type           Power      Damage    Failure   Level
 Magic Dart               Conj           0%         1d3       100%        1
 Necrotise                Necr           0%         1d4       100%        1
 Scorch                   Fire           0%         2d5       100%        2
 Searing Ray              Conj           0%         2d4       100%        2
 Gell's Gravitas          Tloc           0%         N/A       100%        3
 Lesser Beckoning         Tloc           0%         N/A       100%        3
 Stone Arrow              Conj/Erth      0%         3d7       100%        3
 Teleport Other           Tloc           0%         N/A       100%        3
 Vampiric Draining        Necr           0%         2d6       100%        3
 Corpse Rot               Necr/Pois/Air  0%         N/A       100%        4
 Dispel Undead            Necr           0%         3d6       100%        4
 Flame Wave               Conj/Fire      0%         2d4       100%        4
 Fulminant Prism          Conj/Hex       0%         3d6       100%        4
 Petrify                  Tmut/Erth      0%         N/A       100%        4
 Agony                    Necr           0%         N/A       100%        5
 Irradiate                Conj/Tmut      0%         3d11      100%        5
 Lehudib's Crystal Spear  Conj/Erth      0%         10d2      100%        8
 Sublimation of Blood     Necr           Unusable   N/A       N/A         2
 Animate Armour           Summ/Erth      Unusable   N/A       N/A         4
 Summon Forest            Summ/Tloc      Unusable   N/A       N/A         5
 Summon Mana Viper        Hex/Summ       Unusable   N/A       N/A         5
 Death Channel            Necr           Unusable   N/A       N/A         6
 Summon Cactus Giant      Summ           Unusable   N/A       N/A         6

Dungeon Overview and Level Annotations

Branches:
Dungeon (10/15)            Temple (1/1) D:4            Lair (0/5) D:8
    Orc: D:9-12

Altars:
Ashenzari
Cheibriados
Dithmenos
Fedhas
Gozag
Hepliaklqana
Kikubaaqudgha
Makhleb
Nemelex Xobeh
Okawaru
Qazlal
Ru
Sif Muna
Trog
Vehumet
Wu Jian
Xom

Shops:
D:8 (

Portals:
Trove: D:10 (give +8 demon whip)

Annotations:
D:6 exclusion: oklob plant


Innate Abilities, Weirdness & Mutations

You are immune to poison.
Your flesh is cold resistant. (rC+)
You are immune to negative energy. (rN+++)
You are immune to unholy pain and torment.
You are vulnerable to heat. (rF-)
You are in touch with the powers of death.
You do not drink.


Message History

A bone dragon comes into view.
You start resting.
A sixfirhy comes into view.
The sixfirhy hits you. The sixfirhy shocks you! The sixfirhy hits you.
The sixfirhy shocks you!
As you read the scroll of teleportation, it crumbles to dust.
You feel strangely unstable.
You feel the power of the Abyss delaying your translocation!
The sixfirhy hits you but does no damage. x3
You puncture the sixfirhy! You burn the sixfirhy.
The sixfirhy is heavily wounded.
The sixfirhy hits you! The sixfirhy shocks you! The sixfirhy hits you.
The sixfirhy shocks you!
* * * LOW HITPOINT WARNING * * *
The sixfirhy hits you but does no damage.
Blink to where?
Press: ? - help, Dir - move target
As you read the scroll of blinking, it crumbles to dust.
Aiming: Fastroot
Press: ? - help, Shift-Dir - straight line, f - sixfirhy
Aim: a sixfirhy (moderately wounded)
The roots erupt in riotous growth!
Roots grab the sixfirhy.
The now-empty wand crumbles to dust.
The grasping roots constrict the sixfirhy.
Something shouts, "Give up, thou euchred deathlike pimple!"
You hear a bark!
The grasping roots constrict the sixfirhy.
The roots release their grip on the sixfirhy.
The sixfirhy hits you but does no damage. x2
The sixfirhy attacks as you move away!
The sixfirhy hits you but does no damage.
The sixfirhy barely misses you. The sixfirhy hits you!
* * * LOW HITPOINT WARNING * * *
The sixfirhy shocks you!
* * * LOW HITPOINT WARNING * * *
The sixfirhy hits you.
* * * LOW HITPOINT WARNING * * *
The sixfirhy shocks you!
You die...

. . ... ###
# . ##.##
##...# .
#...## . ..
#.##3@# # .
###......#.
. ########
. .. . .


You could see a sixfirhy.

Vanquished Creatures
  An eye of devastation (D:8)
  A kobold demonologist (D:10)
  2 trolls
  A shadow (D:10)
  4 yaks
  An acid dragon (D:10)
  3 water moccasins
  2 orc warriors
  3 sky beasts
  6 black bears
  An ogre (D:6)
  3 ice beasts (D:6)
  2 centaurs (D:7)
  2 phantoms
  4 bullfrogs
  3 necrophages
  A gnoll sergeant (D:5)
  7 scorpions
  2 wights (D:9)
  4 howler monkeys
  A jelly (D:6)
  3 orc priests
  3 hounds
  2 iguanas
  20 orc wizards
  A mummy (D:8)
  9 gnolls
  6 adders
  2 river rats (D:4)
  A shadow imp (D:7)
  2 white imps
  An ufetubus (D:4)
  2 worms (D:4)
  5 dart slugs
  29 orcs
  6 endoplasms
  5 giant cockroaches
  8 hobgoblins
  6 kobolds
  4 quokkas
  5 ball pythons
  6 bats
  5 frilled lizards
  16 goblins
  5 rats
206 creatures vanquished.

Vanquished Creatures (others)
  60 fungi
  38 plants
  16 toadstools (D:6)
114 creatures vanquished.

Grand Total: 320 creatures vanquished

Notes
Turn   | Place    | Note
-------+----------+-------------------------------------------
     0 | D:1      | concernfroge the Mummy Monk began the quest for the Orb.
     0 | D:1      | Reached XP level 1. HP: 18/18 MP: 1/1
   124 | D:1      | Reached XP level 2. HP: 23/24 MP: 2/2
   481 | D:1      | Gained mutation: You are in touch with the powers of death.
                  | [Mummy growth]
   481 | D:1      | Reached XP level 3. HP: 27/30 MP: 3/3
  1813 | D:3      | Found a burning altar of Makhleb.
  1902 | D:3      | Found a stormy altar of Qazlal.
  2130 | D:3      | Reached XP level 4. HP: 38/38 MP: 4/4
  2261 | D:4      | Found an ornate altar of the Wu Jian Council.
  2335 | D:4      | Reached skill level 5 in Fighting
  2775 | D:4      | Noticed a scorpion
  2784 | D:4      | Killed a scorpion
  2785 | D:4      | Reached XP level 5. HP: 42/46 MP: 5/5
  2801 | D:4      | Found a bloodstained altar of Trog.
  3125 | D:4      | Found a shimmering blue altar of Sif Muna.
  3283 | D:4      | Noticed a sky beast
  3308 | D:4      | Killed a sky beast
  3309 | D:4      | Reached XP level 6. HP: 35/55 MP: 6/6
  3955 | D:4      | Found a staircase to the Ecumenical Temple.
  3961 | Temple   | Entered the Ecumenical Temple
  4009 | Temple   | Became a worshipper of Warmaster Okawaru
  4009 | Temple   | Reached * piety under Okawaru
  4009 | Temple   | Reached ** piety under Okawaru
  4298 | D:5      | Entered Level 5 of the Dungeon
  4322 | D:5      | Reached skill level 1 in Invocations
  4448 | D:5      | Noticed a water moccasin
  4455 | D:5      | Killed a water moccasin
  4456 | D:5      | Reached XP level 7. HP: 39/60 MP: 6/8
  4596 | D:5      | Found a sacrificial altar of Ru.
  5067 | D:5      | Reached skill level 3 in Polearms
  5819 | D:6      | Reached *** piety under Okawaru
  5820 | D:6      | Reached skill level 4 in Polearms
  5831 | D:6      | Reached XP level 8. HP: 46/69 MP: 6/9
  6073 | D:6      | Identified the ring "Wikug" {rPois EV+4 Int+3}
  6250 | D:6      | Found a broken altar of Ashenzari.
  6257 | D:6      | Reached skill level 5 in Polearms
  6283 | D:6      | Reached **** piety under Okawaru
  6693 | D:6      | Found a blossoming altar of Fedhas.
  6715 | D:6      | Noticed an oklob plant
  7386 | D:7      | Reached skill level 10 in Fighting
  7386 | D:7      | Reached skill level 6 in Polearms
  7386 | D:7      | Reached XP level 9. HP: 67/78 MP: 10/10
  7387 | D:7      | Noticed a troll
  7588 | D:7      | Killed a troll
  7832 | D:7      | Reached skill level 7 in Polearms
  8171 | D:8      | Reached skill level 8 in Polearms
  8280 | D:8      | You fall into a shaft and drop 2 floors!
  8280 | D:10     | Entered Level 10 of the Dungeon
  8544 | D:10     | Noticed a kobold demonologist
  8548 | D:10     | Noticed a rust devil
  8548 | D:10     | Killed a kobold demonologist
  8548 | D:10     | Reached ***** piety under Okawaru
  8549 | D:10     | Reached skill level 9 in Polearms
  8655 | D:10     | Reached XP level 10. HP: 17/85 MP: 9/11
  8942 | D:10     | Found a portal to a secret trove of treasure.
  9001 | D:10     | Found an ancient bone altar of Kikubaaqudgha.
  9211 | D:9      | Found a shimmering altar of Xom.
  9383 | D:9      | Received a gift from Okawaru
  9566 | D:8      | Reached skill level 10 in Polearms
  9595 | D:8      | Noticed Joseph
 10165 | D:8      | Found Kukhlig's Weapon Emporium.
 10200 | D:8      | Noticed Joseph
 10200 | D:8      | Joseph changed into Joseph the bullfrog
 10211 | D:8      | Killed Joseph the bullfrog
 10215 | D:8      | Found a staircase to the Lair.
 10248 | D:8      | Found a radiant altar of Vehumet.
 10335 | D:8      | Noticed Erica
 10338 | D:8      | Noticed Erica
 10338 | D:8      | Erica changed into Erica the eye of devastation
 10345 | D:8      | Killed Erica the eye of devastation
 10519 | D:8      | Noticed Maurice
 10522 | D:8      | Noticed Maurice
 10522 | D:8      | Maurice changed into Maurice the scorpion
 10536 | D:8      | Killed Maurice the scorpion
 10551 | D:8      | Found a snail-covered altar of Cheibriados.
 11010 | D:9      | Reached skill level 11 in Polearms
 11014 | D:9      | Received a gift from Okawaru
 11022 | Abyss:1  | Cast into level 1 of the Abyss (wight)
 11036 | Abyss:1  | Noticed a bone dragon
 11206 | Abyss:1  | Noticed a sixfirhy
 11215 | Abyss:1  | HP: 3/85 [sixfirhy (12)]
 11215 | Abyss:1  | Mangled by a sixfirhy

Illustrated notes

Levels and vault maps discovered:
D:1:      lightli_arrival_quake, layout_basic, minivault_14, grunt_decor_clamped
D:2:      minmay_chambers_of_ones, layout_basic
D:3:      layout_loops_corners, mainiacjoe_overflow_catch_the_wave,
          minmay_misc_feat_iff, kennysheep_boxes
D:4:      minmay_door_path, layout_basic, nicolae_overflow_crystal_walls,
          mainiacjoe_overflow_chevrons, kennysheep_orc_sif_temple,
          minmay_temple_entry_butterflies, portal_sewer_entry_e
D:5:      layout_basic, lemuel_round_altar
D:6:      layout_basic, evilmike_ruin_ashenzari, tgw_fedhas
D:7:      layout_gridville, enter_bailey_3
D:8:      layout_rooms, chei_slow_surprise, fiery_altar_vehumet,
          due_lair_maze_entry_diamond, serial_shops,
          nicolae_shop_temple_entry_statues_fountains, uniq_joseph, uniq_erica,
          uniq_maurice
D:9:      layout_basic, mainiacjoe_overflow_cross_hatched,
          roderic_serpentine_path
D:10:     lemuel_flame_loot_2, layout_irregular_city, kennysheep_ying_yang,
          mainiacjoe_overflow_brackets, kiku_gazebo_garden_becter,
          enter_trove_2, minmay_librarian
Temple:   hellmonk_temple_of_storms
Abyss:1:  base:
D:2

Skill      XL: |  1  2  3  4  5  6  7  8  9 10 |
---------------+-------------------------------+-----
Fighting       | 4 6 7 8 10 | 10.0
Invocations    | 1 2 |  2.0
Polearms       | 4 6 9 11 | 11.0
Dodging        | |  2.4
Stealth        | |  1.5

Action                   |  1- 3 |  4- 6 |  7- 9 | 10-12 || total
-------------------------+-------+-------+-------+-------++-------
Melee: Spear             |   176 |   234 |       |       ||   410
       Punch             |     2 |     2 |       |       ||     4
       Halberd           |       |     5 |   316 |   182 ||   503
Throw: Dart              |     3 |       |    13 |       ||    16
       Javelin           |       |     2 |     4 |       ||     6
Invok: Heroism           |       |     2 |     8 |     7 ||    17
Evoke: Wand              |       |     8 |    11 |     8 ||    27
  Use: Scroll            |     6 |     1 |    13 |     5 ||    25
Armor: Crystal plate arm |   108 |   187 |   332 |    95 ||   722
       Robe              |     4 |       |       |       ||     4
Dodge: Dodged            |    13 |     8 |    48 |    40 ||   109
